 Dungeon Crawl Stone Soup version 0.31-a0-1610-g9787180647 (webtiles) character file.

Game seed: 366362198941536687

3857 Flugkiller the Mimic (level 10, 0/79 HPs)
             Began as an Octopode Shapeshifter on Jan 8, 2024.
             Was a Follower of Wu Jian.
             Succumbed to Amaemon's poison
             ... on level 8 of the Dungeon.
             The game lasted 00:15:50 (8107 turns).

Flugkiller the Mimic (Octopode Shapeshifter)        Turns: 8107, Time: 00:15:50

Health: 0/79       AC:  9    Str: 16 (19) XL:     10   Next: 18%
Magic:  6/19       EV: 11    Int: 11 (13) God:    Wu Jian [*.....]
Gold:   404        SH:  0    Dex: 13 (15) Spells: 9/9 levels left

rFire   + .          .
                       - Unarmed
rCold   + + .        (shield currently unavailable)
rNeg    . . .        (helmet currently unavailable)
rPois   +            y - amulet of guardian spirit
rElec   +            f - ring of magical power
rCorr   +            o - ring of poison resistance
SInv    .            p - ring of protection from cold
Will    .....        (no ring)
Stlth   ++           (no ring)
HPRegen 0.33/turn    (no ring)
MPRegen 0.16/turn    (no ring)
                     (no ring)

%: guardian spirit
@: brilliant, lethally poisoned (0 -> -1), snake-form, resistant, on berserk
cooldown, attractive, slowed, invisible, very slow
A: constrict, boosted hp, almost no armour, amphibious, 8 rings, large,
(camouflage 1), (gelatinous body 1), (nimble swimmer 1), (tentacles), (tentacle
spike 1), (large bone plates 1), (electricity resistance)
a: Begin Untransformation, Renounce Religion


You were on level 8 of the Dungeon.
You worshipped Wu Jian.
Wu Jian was aware of your devotion.
You were an enormous serpent.
You visited 2 branches of the dungeon, and saw 9 of its levels.

You collected 404 gold pieces.

Inventory:

Hand Weapons
 G - a +2 vampiric dagger
   (You took it off a goblin on level 3 of the Dungeon)
 K - a +2 dagger of venom
   (You took it off a kobold brigand on level 7 of the Dungeon)
Missiles
 e - 14 poisoned darts (quivered)
 J - a curare-tipped dart
Jewellery
 f - a ring of magical power (left tentacle)
   (You found it on level 1 of the Dungeon)
 o - a ring of poison resistance (right tentacle)
   (You found it on level 1 of the Dungeon)
 p - a ring of protection from cold (on tentacle)
   (You found it on level 3 of the Dungeon)
 r - a ring of ice
   (You found it on level 7 of the Dungeon)
 y - an amulet of guardian spirit (around neck)
   (You found it on level 5 of the Dungeon)
Talismans
 b - a beast talisman
 c - a flux talisman
 x - a dragon-blood talisman
   (You found it on level 7 of the Dungeon)
 C - a serpent talisman (active)
   (You found it on level 5 of the Dungeon)
 H - a blade talisman
   (You found it on level 6 of the Dungeon)
Wands
 m - a wand of light (4)
   (You took it off Maurice on level 7 of the Dungeon)
 A - a wand of charming (2)
   (You found it on level 2 of the Dungeon)
 F - a wand of roots (4)
   (You took it off Ijyb on level 3 of the Dungeon)
Scrolls
 g - 2 scrolls of enchant armour
 i - 2 scrolls of immolation
 j - 3 scrolls of fog
 k - 2 scrolls of enchant weapon
 l - a scroll of silence
 s - a scroll of vulnerability {unknown}
 B - a scroll of poison {unknown}
 D - a scroll of noise {unknown}
Potions
 a - a potion of lignification
 d - 2 potions of might
 n - a potion of resistance
 u - a potion of brilliance


   Skills:
 + Level 5.1 Fighting
 - Level 5.0 Dodging
 - Level 2.0 Stealth
 + Level 6.7 Unarmed Combat
 + Level 3.8 Evocations
 - Level 10.0 Shapeshifting


You had 9 spell levels left.
You didn't know any spells.
Your spell library contained the following spells:

 Spells                   Type           Power      Damage    Failure   Level
 Shock                    Conj/Air       0%         1d3       34%         1
 Summon Small Mammal      Summ           0%         N/A       34%         1
 Mercury Vapours          Alch/Air       0%         N/A       47%         2
 Call Canine Familiar     Summ           0%         N/A       71%         3
 Dazzling Flash           Conj/Hex       0%         N/A       71%         3
 Gell's Gravitas          Tloc           0%         N/A       71%         3
 Mephitic Cloud           Conj/Alch/Air  0%         N/A       71%         3
 Swiftness                Air            0%         N/A       71%         3
 Teleport Other           Tloc           0%         N/A       71%         3
 Volatile Blastmotes      Fire/Tloc      0%         2d10      71%         3
 Airstrike                Air            0%         2d(0-16)  98%         4
 Manifold Assault         Tloc           0%         N/A       98%         4
 Summon Blazeheart Golem  Fire/Summ      0%         N/A       98%         4
 Freezing Cloud           Conj/Ice/Air   0%         6-21      100%        5
 Dispersal                Tloc           0%         N/A       100%        6
 Starburst                Conj/Fire      0%         6d3       100%        6
 Disjunction              Tloc           0%         N/A       100%        8
 Maxwell's Capacitive Co  Air            0%         ∞         100%        8


Dungeon Overview and Level Annotations

Branches:
Dungeon (8/15) Zot: 26486  Temple (1/1) D:6 Zot: 5962
   Lair: D:8-11

Altars:
Ashenzari
Cheibriados
Dithmenos
Fedhas
Hepliaklqana
Kikubaaqudgha
Makhleb
Okawaru
Qazlal
Sif Muna
Uskayaw
Vehumet
Wu Jian
Xom
Yredelemnul
Zin

Annotations:
D:3 1 runed translucent door, exclusions: 2 orcs and 2 orc priests, Crazy Yiuf
D:6 exclusions: downstairs and steam dragon
D:8 Amaemon


Innate Abilities, Weirdness & Mutations

You are an enormous serpent.
You have a powerful constriction melee attack.
Your maximum health is increased.
Your armour is entirely melded.
You are incapable of wielding weapons or throwing items.
You cannot wear most types of armour.
You are amphibious.
You can wear up to eight rings at the same time.
((Your skin changes colour to match your surroundings (Stealth+).))
((Your rubbery body absorbs attacks. (AC +1, EV +1)))
((You are camouflaged when in or above water. (Stealth+)))
((You have tentacles for arms and can constrict up to eight enemies at once.))
((One of your tentacles bears a spike.))
((You are partially covered in large bone plates. (SH +4)))
((You are resistant to electric shocks. (rElec)))


Message History

Aiming: Bolt of Light
Press: ? - help, Shift-Dir - straight line, f - Amaemon
Aim: Amaemon, wielding a +1 demon whip of venom (67% to hit)
The bolt of light hits Amaemon!
Amaemon is lightly wounded.
Amaemon is blinded.
Aiming: Bolt of Light
Press: ? - help, Shift-Dir - straight line, f/p - Amaemon
Aim: Amaemon, wielding a +1 demon whip of venom (lightly wounded, blind, unable to see you, 67% to hit)
The bolt of light hits Amaemon!
Amaemon is moderately wounded.
The bolt of light hits the white imp!
You kill the white imp!
The Council accepts your kill. Amaemon closely misses you. Amaemon claws you!
Amaemon tail-slaps you.
Unknown command.
You barely miss Amaemon. You grab Amaemon.
Amaemon is moderately wounded.
You constrict Amaemon. You hit Amaemon.
Amaemon is moderately wounded.
You constrict Amaemon. Amaemon misses you. Amaemon claws you.
Amaemon tail-slaps you.
You barely miss Amaemon.
Amaemon is moderately wounded.
You constrict Amaemon.
The scorpion disappears in a puff of smoke!
You hit Amaemon but do no damage.
Amaemon is heavily wounded.
You constrict Amaemon. Amaemon closely misses you. Amaemon barely misses you.
Amaemon tail-slaps you.
* * * LOW HITPOINT WARNING * * *
You are lethally poisoned!
Amaemon poisons you!
Unknown command.
You feel better.
You constrict Amaemon.
Amaemon hits you with a +1 demon whip of venom.
Amaemon claws you.
* * * LOW HITPOINT WARNING * * *
Amaemon tail-slaps you but does no damage.
Okay, then.
Okay, then.
Okay, then.
You hit Amaemon but do no damage.
Amaemon is heavily wounded.
You constrict Amaemon.
The scorpion disappears in a puff of smoke!
Amaemon barely misses you. x3
Unknown command.
You hit Amaemon but do no damage.
Amaemon is heavily wounded.
You constrict Amaemon, but do no damage.
Amaemon hits you with a +1 demon whip of venom!
* * * LOW HITPOINT WARNING * * *
You are lethally poisoned!
Amaemon claws you but does no damage.
Amaemon tail-slaps you but does no damage.
Unknown command.
Okay, then.
Blink to where?
Press: ? - help, Dir - move target, p - Amaemon You lose your grip on something.
As you read the scroll of blinking, it crumbles to dust.
* * * LOW HITPOINT WARNING * * *
You feel very sick.
Unknown command.
It was a potion of degeneration.
There was something very wrong with that liquid.
You feel weakened.
You feel dopey.
You feel clumsy.
* * * LOW HITPOINT WARNING * * *
You feel very sick.
It was a potion of berserk rage.
A red film seems to cover your vision as you go berserk!
You feel yourself moving faster!
You feel mighty!
* * * LOW HITPOINT WARNING * * *
You feel sick.
You feel a strong urge to attack something.
* * * LOW HITPOINT WARNING * * *
You feel sick.
You feel sick.
You feel your anger nearly subside.
You feel sick.
You are no longer berserk.
You are exhausted.
You feel yourself slow down.
* * * LOW HITPOINT WARNING * * *
You feel sick.
It was a potion of invisibility.
You fade into invisibility!
* * * LOW HITPOINT WARNING * * *
You feel sick.
It was a potion of attraction.
You feel attractive to monsters.
* * * LOW HITPOINT WARNING * * *
You feel sick. Amaemon is attracted toward you.
It was a potion of mutation.
You feel extremely strange.
Large bone plates grow over parts of your tentacles.
One of your lower tentacles grows a sharp spike.
You feel insulated.
You die...

♣♣..♣♣♣ ♣♣♣.♣♣
♣....♣♣♣♣ ♣.♣♣♣
$.. ♣♣♣.....♣♣♣
♣♣..♣ .!
♣♣♣♣....♣♣ ♣♣.♣
.. ♣♣♣...♣♣♣♣
♣♣.♣ 4
♣♣♣....♣♣♣♣.♣♣ s♣
♣♣♣♣...).♣♣ ♣O♣
♣...♣♣♣♣ ♣♣♣)♣
♣♣♣♣♣..S♣♣ ♣♣♣..♣
........6♣
♣♣♣6O♣♣♣
♣♣♣♣♣♣♣..♣♣♣..♣♣♣
♣♣.§..♣♣♣ ♣♣♣♣♣♣


You could see Amaemon (unable to see you).

Vanquished Creatures
  Maurice (D:7)
  Prince Ribbit (D:6)
  4 spriggans (D:8)
  Eustachio (D:5)
  A steam dragon (D:7)
  Menkaure (D:4)
  A water moccasin (D:8)
  2 orc warriors
  2 sky beasts
  An ogre (D:7)
  An ice beast (D:5)
  2 phantoms (D:5)
  A kobold brigand (D:7)
  A gnoll sergeant (D:8)
  2 scorpions
  5 bullfrogs
  A bombardier beetle (D:4)
  3 hounds
  An orc priest (D:7)
  Ijyb (D:3)
  Terence (D:3)
  3 iguanas
  5 orc wizards
  A sleepcap (D:8)
  Robin (D:3)
  5 adders
  A white imp (D:8)
  2 ufetubi (D:7)
  A ribbon worm (D:5)
  A dart slug (D:4)
  19 orcs
  5 bats
  4 endoplasms
  5 giant cockroaches
  10 goblins
  13 hobgoblins
  4 jackals (D:1)
  2 quokkas (D:2)
  9 ball pythons
  A frilled lizard (D:1)
  8 kobolds
  4 rats
138 creatures vanquished.

Vanquished Creatures (collateral kills)
  A wyvern (D:7)
  A steam dragon (D:7)
  A hound (D:7)
  An orc priest (D:7)
  An orc wizard (D:7)
  3 orcs (D:7)
8 creatures vanquished.

Vanquished Creatures (others)
  A water moccasin (D:8)
  A centaur (D:7)
2 creatures vanquished.

Grand Total: 148 creatures vanquished

Notes
Turn   | Place    | Note
-------+----------+-------------------------------------------
     0 | D:1      | Flugkiller the Octopode Shapeshifter began the quest for
                  | the Orb.
     0 | D:1      | Reached XP level 1. HP: 13/13 MP: 1/1
   112 | D:1      | Reached skill level 1 in Stealth
   169 | D:1      | Reached XP level 2. HP: 17/19 MP: 2/2
   413 | D:1      | Reached XP level 3. HP: 24/24 MP: 3/3
  1566 | D:3      | Noticed Ijyb
  1719 | D:3      | Noticed Terence
  1811 | D:3      | Noticed Robin
  1822 | D:3      | Killed Robin
  1823 | D:3      | Reached XP level 4. HP: 29/29 MP: 4/4
  1982 | D:3      | Found a runed translucent door.
  1983 | D:3      | Noticed Crazy Yiuf
  2434 | D:3      | Killed Terence
  2858 | D:4      | Reached skill level 4 in Shapeshifting
  3046 | D:4      | Reached skill level 1 in Evocations
  3046 | D:4      | Reached XP level 5. HP: 34/34 MP: 5/5
  3059 | D:4      | Noticed Menkaure
  3638 | D:5      | Entered Level 5 of the Dungeon
  3670 | D:5      | Noticed a phantom
  3713 | D:5      | Reached XP level 6. HP: 39/39 MP: 6/6
  3847 | D:5      | Noticed an ice beast
  4145 | D:5      | Reached skill level 5 in Dodging
  4145 | D:5      | Reached XP level 7. HP: 38/45 MP: 7/7
  4220 | D:5      | Found a shimmering blue altar of Sif Muna.
  4222 | D:5      | Found a basalt altar of Yredelemnul.
  4245 | D:5      | Found a glowing silver altar of Zin.
  4316 | D:5      | Noticed Eustachio
  4972 | D:3      | Killed Ijyb
  5130 | D:4      | Killed Menkaure
  5355 | D:5      | Killed Eustachio
  5356 | D:5      | Reached skill level 5 in Unarmed Combat
  5356 | D:5      | Reached skill level 5 in Shapeshifting
  5356 | D:5      | Reached XP level 8. HP: 42/54 MP: 8/8
  5586 | D:6      | Noticed Prince Ribbit
  5591 | D:6      | Killed Prince Ribbit
  5641 | D:6      | Found a staircase to the Ecumenical Temple.
  5650 | Temple   | Entered the Ecumenical Temple
  5670 | Temple   | Became a worshipper of the Wu Jian Council
  5890 | D:6      | Identified the +0 war axe "Xueriurch" {freeze, Fly rC+ rN+
                  | Int+3}
  6461 | D:7      | Reached skill level 6 in Shapeshifting
  6732 | D:7      | Noticed Maurice
  6826 | D:7      | Reached skill level 7 in Shapeshifting
  6826 | D:7      | Reached XP level 9. HP: 41/58 MP: 9/9
  6879 | D:7      | Reached skill level 8 in Shapeshifting
  7205 | D:7      | Maurice stole a +2 dagger of venom
  7211 | D:7      | Killed Maurice
  7212 | D:7      | Reached skill level 9 in Shapeshifting
  7895 | D:8      | Reached skill level 10 in Shapeshifting
  7958 | D:8      | Reached * piety under Wu Jian
  8027 | D:8      | Reached XP level 10. HP: 65/65 MP: 10/10
  8063 | D:8      | Noticed Amaemon
  8063 | D:8      | Noticed an orange demon
  8078 | D:8      | Noticed a two-headed ogre
  8084 | D:8      | Reached skill level 5 in Fighting
  8104 | D:8      | HP: 3/79 [poisoned by Amaemon]
  8106 | D:8      | HP: 1/79 [poisoned by Amaemon]
  8107 | D:8      | Gained mutation: You are partially covered in large bone
                  | plates. (SH +4) [potion of mutation]
  8107 | D:8      | Gained mutation: One of your tentacles bears a spike.
                  | [potion of mutation]
  8107 | D:8      | Gained mutation: You are resistant to electric shocks.
                  | (rElec) [potion of mutation]
  8107 | D:8      | Succumbed to Amaemon's poison

Illustrated notes

Levels and vault maps discovered:
D:1:      dpeg_arrival_stone_temple_mockup, layout_basic, dk_noncrumbling_3,
          minmay_misc_feat_enclosed, hex_tiny, minmay_strange_pillars
D:2:      layout_basic
D:3:      layout_loops_ring, kennysheep_orc_chapel, uniq_robin,
          uniq_crazy_yiuf_cottage, uniq_terence, uniq_ijyb
D:4:      wad_crossroads, layout_rooms, uniq_menkaure
D:5:      layout_basic, gammafunk_temple_overflow_forgotten, uniq_eustachio
D:6:      layout_loops_ring, minmay_temple_entry_antechambers, serial_aquarium,
          aquarium_bridge_straight [aquarium_subvault_bridge,
          aquarium_subvault_window, aquarium_subvault_bridge,
          aquarium_subvault_wall], aquarium_bridge_square
          [aquarium_subvault_wall, aquarium_subvault_wall,
          aquarium_subvault_bridge, aquarium_subvault_window],
          aquarium_window_1, aquarium_window_1, aquarium_window_fake,
          aquarium_window_3, aquarium_view_2e, aquarium_view_2f,
          uniq_prince_ribbit1
D:7:      layout_basic, uniq_maurice
D:8:      kb_forest_paths, layout_cave_pods, serial_shops,
          nicolae_shop_gaudy_bauble, minmay_misc_feat_encased,
          fungi_pond_lemuel, uniq_amaemon
Temple:   nicolae_temple_figure_eight

Skill      XL: |  1  2  3  4  5  6  7  8  9 10 |
---------------+-------------------------------+-----
Stealth        | 1 2 |  2.0
Fighting       | 2 3 4 5 |  5.1
Unarmed Combat | 4 5 6 |  6.7
Shapeshifting  | 4 5 7 10 | 10.0
Evocations     | 1 2 3 |  3.8
Dodging        | 3 5 |  5.0

Action                     |  1- 3 |  4- 6 |  7- 9 | 10-12 || total
---------------------------+-------+-------+-------+-------++-------
  Melee: Unarmed           |    74 |    13 |   142 |    29 ||   258
         Constrict         |    24 |    22 |    30 |     7 ||    83
         Tentacles         |    12 |    15 |    35 |       ||    62
         Dagger            |     3 |    66 |     1 |       ||    70
         Punch             |     2 |     4 |     5 |       ||    11
  Throw: Dart              |       |    11 |     5 |       ||    16
Ability: Lunge             |       |       |     9 |       ||     9
         Whirlwind         |       |       |     3 |       ||     3
  Evoke: Wand              |       |     2 |    14 |     3 ||    19
    Use: Scroll            |     7 |       |     3 |     1 ||    11
         Potion            |       |     2 |     1 |     9 ||    12
   Stab: Sleeping          |     4 |     3 |     8 |       ||    15
         Distracted        |       |     1 |     1 |       ||     2
 Armour: Skin              |    29 |    44 |    77 |    27 ||   177
  Dodge: Dodged            |    34 |    57 |    68 |    19 ||   178
   Form: Serpent           |       |       |     1 |       ||     1

Table legend: (Time is in decaauts)
 A = Elapsed time spent in this place.
 B = Non-inter-level travel time spent in this place.
 C = Inter-level travel time spent in this place.
 D = Time resting spent in this place.
 E = Time spent auto-exploring this place.
 F = Levels seen in this place.
 G = Mean time per level.
                   A        B        C        D        E       F      G
               +--------+--------+--------+--------+--------+-----+--------+
         Total |   8084 |   7508 |    576 |   1182 |   4566 |   9 |  898.2 |
       Dungeon |   8046 |   7504 |    542 |   1182 |   4566 |   8 | 1005.8 |
        Temple |     37 |      3 |     34 |      0 |      0 |   1 |   37.0 |
               +--------+--------+--------+--------+--------+-----+--------+

Top non-repeatable levels by time:
     D:5: 1439 daAuts
     D:3: 1323 daAuts
     D:4: 1142 daAuts
     D:7: 1129 daAuts
     D:6: 905 daAuts
     D:2: 844 daAuts
     D:1: 748 daAuts
     D:8: 513 daAuts
  Temple: 37 daAuts
